 Dungeon Crawl Stone Soup version 0.29.1-13-g9f3cf754e1 (webtiles) character file.

Game seed: 5233589144003333923

603 BeingJoeMalik the Basher (level 7, -1/62 HPs)
             Began as a Naga Fighter on Feb 6, 2023.
             Killed by nerve-wracking pain
             ... invoked by Menkaure
              (7 damage)
             ... on level 4 of the Dungeon.
             The game lasted 00:08:08 (4385 turns).

BeingJoeMalik the Basher (Naga Fighter)             Turns: 4385, Time: 00:08:09

Health: -1/62      AC:  7    Str: 18    XL:     7   Next: 42%
Magic:  7/7        EV:  8    Int:  9    God:
Gold:   220        SH:  4    Dex: 12    Spells: 6/6 levels left

rFire   . . .      SeeInvis +   a - +0 flail (flame)
rCold   . . .      Faith    .   c - +0 buckler
rNeg    + . .      Spirit   .   t - +3 leather armour "Tatzac" {rN+}
rPois   +          Reflect  .   (no helmet)
rElec   .          Harm     .   (no cloak)
rCorr   .          Rampage  .   (no gloves)
Will    .....                   (no barding)
Stlth   +.........              (no amulet)
HPRegen 0.20/turn               (no ring)
MPRegen 0.10/turn               (no ring)

@: very slow
A: AC +2, large, see invisible, deformed body, poison resistance, slowness 2,
spit poison 1, naga tail 1
a: Spit Poison


You were on level 4 of the Dungeon.
You visited 1 branch of the dungeon, and saw 4 of its levels.

You collected 220 gold pieces.

Inventory:

Hand Weapons
 a - a +0 flail of flaming (weapon)
 l - a +2 whip of venom
Armour
 c - a +0 buckler (worn)
 q - a +1 ring mail of poison resistance
 t - the +3 leather armour "Tatzac" (worn) {rN+}
   (You took it off a hobgoblin on level 3 of the Dungeon)

   rN:        It protects you from negative energy.
Wands
 b - a wand of light (9)
 n - a wand of digging (6)
 u - a wand of flame (23)
Scrolls
 f - 2 scrolls of teleportation
 g - a scroll of identify
 i - a scroll of acquirement {unknown}
 k - 2 scrolls of brand weapon
 x - a scroll of magic mapping {unknown}
Potions
 d - a potion of might
 e - 4 potions of mutation {unknown}
 h - a potion of cancellation {unknown}
 j - 2 potions of resistance
 m - a potion of haste {unknown}
 o - 3 potions of attraction {unknown}
 p - a potion of lignification {unknown}
 r - a potion of degeneration {unknown}
 s - a potion of flight {unknown}
 v - a potion of brilliance {unknown}
 w - a potion of curing {unknown}


   Skills:
 - Level 3.0 Fighting
 + Level 8.0 Maces & Flails
 - Level 2.4 Armour
 - Level 2.6 Shields


You had 6 spell levels left.
You didn't know any spells.
Your spell library contained the following spells:

 Spells                   Type           Power      Damage    Failure   Level
 Apportation              Tloc           0%         N/A       52%         1
 Freeze                   Ice            0%         1d3       52%         1
 Frozen Ramparts          Ice            0%         1d1       87%         3
 Ozocubu's Armour         Ice            0%         N/A       87%         3
 Summon Guardian Golem    Hex/Summ       0%         N/A       87%         3
 Hailstorm                Conj/Ice       0%         3d3       99%         4
 Summon Ice Beast         Ice/Summ       0%         N/A       99%         4
 Alistair's Intoxication  Tmut/Pois      0%         N/A       100%        5
 Summon Cactus Giant      Summ           0%         N/A       100%        6
 Malign Gateway           Summ/Tloc      0%         N/A       100%        7
 Polar Vortex             Ice            0%         N/A       100%        9


Dungeon Overview and Level Annotations

Branches:
Dungeon (4/15)
 Temple: D:4-7

Altars:
Sif Muna
Vehumet

Annotations:
D:4 Menkaure


Innate Abilities, Weirdness & Mutations

Your serpentine skin is tough. (AC +2)
You have supernaturally acute eyesight. (SInv)
Armour fits poorly on your strangely shaped body.
Your system is resistant to poisons. (rPois)
You cover ground very slowly.
You can spit poison.
You have a snake-like lower body.


Message History

Menkaure is lightly damaged.
You block Menkaure's attack.
You hit Menkaure.
Menkaure is lightly damaged.
You hit Menkaure.
Menkaure is moderately damaged.
You block Menkaure's attack.
You completely miss Menkaure.
Menkaure is moderately damaged.
You hit Menkaure.
Menkaure is moderately damaged.
Menkaure hits you.
Your +2 whip of venom stops dripping with poison.
Your +0 flail of flaming bursts into flame!
a - a +0 flail of flaming (weapon)
Unknown command.
You barely miss Menkaure.
Menkaure is moderately damaged.
Menkaure hits you!
Unknown command.
You hit Menkaure but do no damage.
Menkaure is moderately damaged.
Menkaure mumbles some strange words.
Menkaure seems to speed up.
Unknown command.
You hit Menkaure. You burn Menkaure.
Menkaure is severely damaged.
Menkaure completely misses you.
Unknown command.
You barely miss Menkaure.
Menkaure is severely damaged.
Menkaure hits you but does no damage.
Unknown command.
You hit Menkaure but do no damage.
Menkaure is severely damaged.
Menkaure hits you!
* * * LOW HITPOINT WARNING * * *
Menkaure casts a spell at you. Pain shoots through your body!
You die...

..........# #.# ##..
#.#####.##### #.# ##.
#.....# #.# ##.
#####.# #.# #.. #.#
#.# #.. #########.#
#.# #.. #...........#
#.# #.# ..
....#####.### #.# #.#
###. #.#.# #@# #.# #.#
... #.#.# #M# ####.#
#.# #.######.#.# #.#
#....# #.# #>.. ...#.#
#.# #.########..
..######.#.# #.# #.#
#.....
.<...##....#####.#
###.### #.###.
..##.#.###.##....#
#.[)..# #.# #.
.###...#
#.......###.###.###.#
##
.#####.###........##.#
#.....#


You could see Menkaure (fast).

Vanquished Creatures
  Pargi (D:4)
  A black bear (D:4)
  An ogre (D:4)
  A scorpion (D:4)
  A jelly (D:4)
  A gnoll bouda (D:4)
  Jessica (D:3)
  An iguana (D:4)
  6 adders
  4 gnolls (D:4)
  An ufetubus (D:3)
  3 dart slugs
  2 orcs (D:3)
  5 endoplasms
  2 giant cockroaches (D:1)
  3 goblins (D:4)
  6 hobgoblins
  3 jackals (D:4)
  2 quokkas
  3 ball pythons
  5 bats
  4 frilled lizards
  5 kobolds
  4 rats
66 creatures vanquished.

Notes
Turn   | Place    | Note
-------+----------+-------------------------------------------
     0 | D:1      | BeingJoeMalik the Naga Fighter began the quest for the Orb.
     0 | D:1      | Reached XP level 1. HP: 21/21 MP: 1/1
   625 | D:1      | Got the Folio of the Chill and Accomplices
   637 | D:1      | Reached XP level 2. HP: 28/28 MP: 2/2
   822 | D:1      | Reached skill level 3 in Maces & Flails
  1647 | D:2      | Got the Quarto of Cold
  1780 | D:2      | Reached XP level 3. HP: 31/34 MP: 3/3
  1865 | D:2      | Noticed a great orb of eyes
  1870 | D:2      | Noticed a golden eye
  1872 | D:2      | Found a faded altar of an unknown god.
  1874 | D:2      | Noticed an eye of devastation
  1874 | D:2      | Noticed a golden eye
  1978 | D:2      | Reached skill level 4 in Maces & Flails
  2246 | D:2      | Reached XP level 4. HP: 42/42 MP: 4/4
  2425 | D:3      | Identified the +3 leather armour "Tatzac" {rN+}
  2685 | D:3      | Found a shimmering blue altar of Sif Muna.
  2879 | D:3      | Noticed Jessica
  2882 | D:3      | Killed Jessica
  2987 | D:3      | Found a radiant altar of Vehumet.
  3136 | D:4      | Reached skill level 5 in Maces & Flails
  3136 | D:4      | Reached XP level 5. HP: 24/49 MP: 5/5
  3379 | D:4      | Noticed an ogre
  3391 | D:4      | Killed an ogre
  3392 | D:4      | Reached skill level 6 in Maces & Flails
  3392 | D:4      | Reached XP level 6. HP: 24/56 MP: 6/6
  3601 | D:4      | Noticed a black bear
  3610 | D:4      | Killed a black bear
  3611 | D:4      | Reached skill level 7 in Maces & Flails
  3865 | D:4      | Noticed Pargi
  3878 | D:4      | Killed Pargi
  3879 | D:4      | Reached XP level 7. HP: 33/62 MP: 7/7
  4338 | D:4      | Reached skill level 8 in Maces & Flails
  4372 | D:4      | Noticed Menkaure
  4385 | D:4      | Killed from afar by Menkaure

Illustrated notes

Levels and vault maps discovered:
D:1:      minmay_arrival_widening_spiral_wide, layout_basic,
          minmay_tree_intersection, minmay_cupped
D:2:      layout_basic, hellmonk_ecumenical_altar_watching_god
D:3:      layout_basic, nicolae_overflow_crystal_walls, general_overflow_altar,
          uniq_jessica
D:4:      layout_loops_ring, chequers_temple_overflow_minitemple,
          portal_sewer_entry_d, hangedman_decor_growths, minivault_27,
          uniq_pargi, uniq_menkaure

Skill      XL: |  1  2  3  4  5  6  7 |
---------------+----------------------+-----
Maces & Flails | 3 4 5 6 7 8 |  8.0
Fighting       | |  3.0
Armour         | |  2.4
Shields        | |  2.6

Action                   |  1- 3 |  4- 6 |  7- 9 || total
-------------------------+-------+-------+-------++-------
Melee: Flail             |    57 |       |     5 ||    62
       Whip              |    34 |    88 |    37 ||   159
 Abil: Spit Poison       |     7 |     8 |     6 ||    21
  Use: Scroll            |       |     6 |       ||     6
       Potion            |       |     1 |       ||     1
Armor: Scale mail        |    45 |     3 |       ||    48
       Leather armour    |       |    29 |     5 ||    34
Dodge: Dodged            |    37 |    31 |     8 ||    76
Block: Buckler           |    17 |    14 |     5 ||    36
